 Dungeon Crawl Stone Soup version 0.30-a0-867-g305f33218d (webtiles) character file.

Game seed: 5211521516377203118

14523 jasper the Reanimator (level 11, -6/81 HPs)
             Began as a Demonspawn Necromancer on Mar 10, 2023.
             Was a Believer of Vehumet.
             Mangled by a bunyip (28 damage)
             ... on level 2 of the Abyss.
             The game lasted 00:32:16 (13198 turns).

jasper the Reanimator (Demonspawn Necromancer)     Turns: 13198, Time: 00:32:16

Health: -6/81      AC: 16    Str:  9    XL:     11   Next: 89%
Magic:  13/21      EV: 14    Int: 24    God:    Vehumet [**....]
Gold:   442        SH:  5    Dex: 14    Spells: 0/24 levels left

rFire   + . .      SeeInvis .    x - +5 quarterstaff (freeze)
rCold   . . .      Faith    .    (shield currently unavailable)
rNeg    . . .      Spirit   .    O - +2 robe {rF+}
rPois   .          Reflect  +    w - +2 helmet
rElec   .          Rampage  .    l - +0 cloak
rCorr   .                        S - +2 pair of gloves
Will    +....                    u - +0 pair of boots
Stlth   ++                       p - amulet of reflection
HPRegen 0.33/turn                d - ring of willpower
MPRegen 0.34/turn                Q - +4 ring of protection

@: about to teleport, studying 2 skills
A: claws 2, ignite blood 1, magic regeneration, big brain 2
a: Renounce Religion


You were on level 2 of the Abyss.
You worshipped Vehumet.
Vehumet was pleased with you.
You visited 2 branches of the dungeon, and saw 12 of its levels.
You visited the Abyss 1 time.

You collected 556 gold pieces.
You spent 114 gold pieces at shops.

Inventory:

Hand Weapons
 c - a +0 club
 j - a +0 short sword
 n - a +2 mace of protection
 x - a +5 quarterstaff of freezing (weapon)
 K - a +0 long sword
Missiles
 F - 7 javelins
Armour
 a - a +0 robe
 g - an orb of mayhem
 l - a +0 cloak (worn)
 t - a +0 pair of gloves
 u - a +0 pair of boots (worn)
 w - a +2 helmet (worn)
 y - a +0 cloak
 L - the +2 robe "Masir" {Str+4}
   (You took it off a wight on level 8 of the Dungeon)

   Str:       It affects your strength (+4).
 O - a +2 robe of fire resistance (worn)
 S - a +2 pair of gloves (worn)
Magical Staves
 I - a staff of death
 M - a staff of fire
Jewellery
 d - a ring of willpower (left hand)
 p - an amulet of reflection (around neck)
 q - a ring of positive energy
 s - a +6 ring of strength
 N - a ring of willpower
 Q - a +4 ring of protection (right hand)
Wands
 r - a wand of polymorph (5)
 A - a wand of digging (1)
 D - a wand of charming (7)
Scrolls
 e - 2 scrolls of silence
 f - 4 scrolls of immolation
 i - a scroll of teleportation
 o - a scroll of torment
 B - 3 scrolls of amnesia
 C - 4 scrolls of fog
 E - 4 scrolls of noise
 H - a scroll of blinking
Potions
 b - 3 potions of magic
 h - 4 potions of degeneration
 k - 2 potions of might
 m - 3 potions of lignification
 v - 4 potions of mutation
 z - 3 potions of heal wounds
 G - 2 potions of resistance
 J - 4 potions of attraction
 P - 3 potions of curing
 T - a potion of ambrosia {unknown}


   Skills:
 - Level 6.1 Fighting
 - Level 5.9 Dodging
 - Level 1.7 Stealth
 - Level 7.2 Spellcasting
 + Level 3.3 Conjurations
 - Level 10.0 Necromancy
 - Level 2.7 Air Magic
 + Level 6.1 Earth Magic
 - Level 3.1 Poison Magic
 - Level 10.0 Evocations


You couldn't memorise any spells.
You knew the following spells:

 Your Spells              Type           Power      Damage    Failure   Level
a - Necrotise             Necr           100%       1d9       1%          1
b - Vampiric Draining     Necr           54%        2d9       1%          3
c - Animate Dead          Necr           54%        N/A       1%          4
d - Mephitic Cloud        Conj/Pois/Air  23%        N/A       6%          3
e - Borgnjor's Vile Clut  Necr/Erth      23%        N/A       7%          5
f - Sublimation of Blood  Necr           54%        N/A       1%          2
g - Iron Shot             Conj/Erth      15%        9d4       83%         6

Your spell library contained the following spells:

 Spells                   Type           Power      Damage    Failure   Level
 Freeze                   Ice            32%        1d5       7%          1
 Cigotuvi's Dreadful Rot  Necr/Pois/Air  68%        N/A       1%          2
 Poisonous Vapours        Pois/Air       44%        N/A       3%          2
 Agony                    Necr           54%        N/A       3%          5
 Apportation              Tloc           16%        N/A       7%          1
 Slow                     Hex            32%        N/A       7%          1
 Summon Small Mammal      Summ           32%        N/A       7%          1
 Lesser Beckoning         Tloc           16%        N/A       11%         2
 Wereblood                Tmut           8%         N/A       11%         2
 Death Channel            Necr           27%        N/A       19%         6
 Animate Armour           Summ/Erth      46%        N/A       21%         4
 Confusing Touch          Hex            8%         N/A       22%         3
 Gell's Gravitas          Tloc           8%         N/A       22%         3
 Teleport Other           Tloc           8%         N/A       22%         3
 Blade Hands              Tmut           4%         N/A       89%         5
 Summon Hydra             Summ           4%         N/A       100%        7


Dungeon Overview and Level Annotations

Branches:
Dungeon (11/15)            Temple (1/1) D:4
   Lair: D:8-11         Orc: D:9-12

Altars:
Ashenzari
Cheibriados
Dithmenos
Fedhas
Gozag
Hepliaklqana
Kikubaaqudgha
Makhleb
Nemelex Xobeh
Okawaru
Qazlal
Ru
Sif Muna
Trog
Uskayaw
Vehumet
Wu Jian
Xom
Yredelemnul

Shops:
D:10 (*

Annotations:
D:11 Psyche


Innate Abilities, Weirdness & Mutations

You have very sharp fingernails.
Your demonic aura sometimes causes spilled blood to erupt in flames.
You regenerate magic rapidly.
You have an extremely huge brain. (Int +4)


Message History

You take 11 damage, and have 17/80 hp.
You sock the small abomination! You freeze the small abomination.
You destroy the small abomination!
Vehumet accepts your kill.
Your life force feels restored.
You start resting.
A bunyip comes into view.
You regained 9 hp, and now have 26/81 hp.
As you read the scroll of teleportation, it crumbles to dust.
You feel strangely unstable.
You feel the power of the Abyss delaying your translocation!
The bunyip gives a hideous shriek!
You block the bunyip's attack. The bunyip claws you!!
* * * LOW HITPOINT WARNING * * *
The bunyip barely misses you.
You take 19 damage, and have 8/81 hp.
MASSIVE DAMAGE!!
Casting: Animate Dead (mildly dangerous; 1% risk of failure)
Confirm with . or Enter, or press ? or * to list all spells.
Aiming: Vampiric Draining (safe; 1% risk of failure)
Press: ? - help, Shift-Dir - straight line, f - bunyip
Aim: a bunyip You draw life force from the bunyip!
You feel life coursing into your body!
You regained 8 hp, and now have 16/81 hp.
You now have 18/21 mp.
Casting: Vampiric Draining (safe; 1% risk of failure)
Confirm with . or Enter, or press ? or * to list all spells.
Aiming: Vampiric Draining (safe; 1% risk of failure)
Press: ? - help, Shift-Dir - straight line, f/p - bunyip
Aim: a bunyip (moderately wounded)
You draw life force from the bunyip.
You feel life coursing into your body.
You regained 2 hp, and now have 18/81 hp.
You now have 15/21 mp.
Casting: Vampiric Draining (safe; 1% risk of failure)
Confirm with . or Enter, or press ? or * to list all spells.
Aiming: Vampiric Draining (safe; 1% risk of failure)
Press: ? - help, Shift-Dir - straight line, f/p - bunyip
Aim: a bunyip (moderately wounded)
You draw life force from the bunyip!
You feel life coursing into your body. The bunyip claws you!!
You die... . # .# .. # . # # . #.### #.x@# #..### #. # . .

You could see a bunyip.

Vanquished Creatures
  A hydra (D:8)
  2 centaur warriors (D:8)
  3 two-headed ogres
  A manticore (D:8)
  Maggie (D:6)
  A hellwing (D:8)
  Grinder (D:5)
  A shadow (D:9)
  4 wyverns
  Eustachio (D:5)
  15 yaks
  A neqoxec (Abyss:2)
  A small abomination (Abyss:2)
  A water moccasin (D:5)
  Duvessa (D:4)
  An ice beast (D:7)
  2 sky beasts
  4 black bears
  5 orc warriors
  5 centaurs
  A phantom (D:6)
  4 bullfrogs
  Blork the orc (D:5)
  A gnoll sergeant (D:8)
  2 scorpions
  12 wights
  Dowan (D:4)
  6 killer bees (D:8)
  5 howler monkeys
  2 jellies
  A gnoll bouda (D:8)
  7 hounds
  6 orc priests
  2 sleepcaps
  Crazy Yiuf (D:2)
  An iguana (D:5)
  7 orc wizards
  9 gnolls
  8 adders
  2 shadow imps
  A white imp (D:7)
  An orc zombie (D:7)
  4 worms
  5 dart slugs
  16 orcs
  8 endoplasms
  2 giant cockroaches
  9 goblins
  8 hobgoblins
  9 jackals
  6 quokkas
  9 ball pythons
  2 bats (D:3)
  3 frilled lizards
  8 kobolds
  2 rats (D:2)
224 creatures vanquished.

Vanquished Creatures (collateral kills)
  A two-headed ogre (D:8)
  A cyclops (shapeshifter) (D:8)
  A water moccasin (D:8)
  An ogre (D:6)
  A centaur (D:8)
  A kobold brigand (D:8)
  3 bullfrogs (D:8)
  6 wights
  4 killer bees (D:8)
  An orc priest (D:8)
  A gnoll bouda (D:8)
  A sleepcap (D:8)
  2 white imps (D:8)
  4 orcs
  2 giant cockroaches
  A hobgoblin (D:1)
  5 kobolds (D:8)
36 creatures vanquished.

Vanquished Creatures (others)
  A yak (D:8)
  3 two-headed ogre zombies
  A hell hound (Abyss:2)
  A manticore zombie (D:8)
  A water moccasin zombie (D:8)
  4 wights (D:6)
  7 yak zombies
  A bullfrog zombie (D:6)
  2 centaur zombies (D:8)
  An ogre zombie (D:6)
  A gnoll (D:8)
  5 gnoll zombies (D:8)
  4 kobold zombies (D:8)
  9 orc zombies
41 creatures vanquished.

Grand Total: 301 creatures vanquished

Notes
Turn   | Place    | Note
-------+----------+-------------------------------------------
     0 | D:1      | jasper the Demonspawn Necromancer began the quest for the
                  | Orb.
     0 | D:1      | Reached XP level 1. HP: 13/13 MP: 3/3
   208 | D:1      | Gained mutation: Your demonic aura sometimes causes spilled
                  | blood to erupt in flames. [demonic ancestry]
   208 | D:1      | Reached XP level 2. HP: 19/19 MP: 3/5
   265 | D:1      | Reached skill level 5 in Necromancy
   810 | D:1      | Reached XP level 3. HP: 24/24 MP: 2/6
   814 | D:1      | Learned a level 3 spell: Vampiric Draining
  1238 | D:2      | Gained mutation: You have an unusually large brain. (Int
                  | +2) [demonic ancestry]
  1238 | D:2      | Reached XP level 4. HP: 30/30 MP: 5/7
  1586 | D:2      | Found a shimmering altar of Xom.
  1741 | D:2      | Gained mutation: You regenerate magic rapidly. [demonic
                  | ancestry]
  1741 | D:2      | Reached XP level 5. HP: 35/35 MP: 1/8
  1990 | D:2      | Found a runed translucent door.
  1991 | D:2      | Noticed Crazy Yiuf
  2106 | D:2      | Killed Crazy Yiuf
  2330 | D:3      | Learned a level 4 spell: Animate Dead
  2344 | D:3      | Found a faded altar of an unknown god.
  3075 | D:4      | Gained mutation: You have sharp fingernails. [demonic
                  | ancestry]
  3075 | D:4      | Reached XP level 6. HP: 40/41 MP: 5/9
  3249 | D:4      | Noticed Duvessa
  3262 | D:5      | Entered Level 5 of the Dungeon
  3262 | D:5      | Noticed a water moccasin
  3269 | D:5      | Killed a water moccasin
  3342 | D:5      | Noticed Blork the orc
  3363 | D:5      | Killed Blork the orc
  3603 | D:5      | Noticed Grinder
  3632 | D:5      | Killed Grinder
  3633 | D:5      | Gained mutation: You have very sharp fingernails. [demonic
                  | ancestry]
  3633 | D:5      | Reached XP level 7. HP: 27/46 MP: 10/10
  3814 | D:5      | Noticed Eustachio
  3829 | D:5      | Killed Eustachio
  3830 | D:5      | Reached skill level 10 in Necromancy
  3830 | D:5      | Reached skill level 1 in Fighting
  3834 | D:5      | Learned a level 3 spell: Mephitic Cloud
  3969 | D:5      | Reached XP level 8. HP: 41/56 MP: 12/12
  4020 | D:5      | Found a shadowy altar of Dithmenos.
  5138 | D:7      | Learned a level 5 spell: Borgnjor's Vile Clutch
  5318 | D:7      | Gained mutation: You have an extremely huge brain. (Int +4)
                  | [demonic ancestry]
  5318 | D:7      | Reached XP level 9. HP: 66/66 MP: 16/16
  5418 | D:7      | Reached skill level 5 in Spellcasting
  5533 | D:7      | Learned a level 2 spell: Sublimation of Blood
  5670 | D:7      | Reached skill level 5 in Fighting
  5670 | D:7      | Reached skill level 5 in Dodging
  5740 | D:8      | Reached skill level 1 in Conjurations
  5740 | D:8      | Reached skill level 1 in Air Magic
  5740 | D:8      | Reached skill level 1 in Earth Magic
  5740 | D:8      | Reached skill level 1 in Poison Magic
  6156 | D:8      | Found a blossoming altar of Fedhas.
  6240 | D:8      | Reached XP level 10. HP: 74/74 MP: 12/17
  6259 | D:8      | Found a stormy altar of Qazlal.
  6505 | D:8      | Reached skill level 5 in Earth Magic
  6726 | D:8      | Noticed a manticore
  6738 | D:8      | Killed a manticore
  6739 | D:8      | Reached skill level 1 in Evocations
  6985 | D:8      | Noticed a two-headed ogre
  6990 | D:8      | Identified the +2 robe "Masir" {Str+4}
  7015 | D:8      | Killed a two-headed ogre
  7152 | D:8      | Noticed a five-headed hydra
  7162 | D:8      | Killed a five-headed hydra
  7320 | D:8      | Noticed a centaur warrior
  7991 | D:6      | Reached skill level 5 in Evocations
  8284 | D:6      | Noticed Maggie
  8308 | D:6      | Killed Maggie
  8309 | D:6      | Reached XP level 11. HP: 77/79 MP: 2/19
  8547 | D:4      | Noticed Dowan
  8551 | D:4      | Killed Duvessa
  8561 | D:4      | Killed Dowan
  8659 | D:4      | Found a staircase to the Ecumenical Temple.
  8740 | Temple   | Entered the Ecumenical Temple
  8828 | Temple   | Became a worshipper of Vehumet
  9731 | D:8      | Killed a centaur warrior
  9744 | D:8      | Noticed a two-headed ogre
  9750 | D:8      | Killed a two-headed ogre
  9794 | D:8      | Noticed a deep troll
  9799 | D:8      | a deep troll changed into a cyclops
  9918 | D:8      | Noticed a two-headed ogre
  9928 | D:8      | Reached * piety under Vehumet
  9928 | D:8      | Offered knowledge of Shock by Vehumet.
  9930 | D:8      | Killed a two-headed ogre
 10084 | D:8      | Noticed a centaur warrior
 10420 | D:8      | Killed a centaur warrior
 11034 | D:9      | Reached skill level 10 in Evocations
 11198 | D:9      | Found a shimmering blue altar of Sif Muna.
 11851 | D:9      | Offered knowledge of Freeze by Vehumet.
 12171 | D:10     | Entered Level 10 of the Dungeon
 12171 | D:10     | Noticed a two-headed ogre
 12182 | D:10     | Killed a two-headed ogre
 12182 | D:10     | Reached ** piety under Vehumet
 12425 | D:10     | Found Exoowin's Weapon Emporium.
 12601 | D:10     | Found Ylozip's Assorted Antiques.
 12609 | D:10     | Bought a potion of curing for 57 gold pieces
 12609 | D:10     | Bought a potion of curing for 57 gold pieces
 12616 | D:10     | Learned a level 6 spell: Iron Shot
 12909 | D:11     | Noticed Psyche
 12919 | Abyss:2  | Cast into level 2 of the Abyss (Psyche)
 12990 | Abyss:2  | Found a corrupted altar of Lugonu.
 13193 | Abyss:2  | Noticed a bunyip
 13198 | Abyss:2  | Mangled by a bunyip

Illustrated notes

Levels and vault maps discovered:
D:1:      dpeg_arrival_tiny_a, layout_rooms, roderic_lattice_a, minmay_3d_cube
D:2:      layout_loops_ring, basic_altar, fountainhead, uniq_crazy_yiuf_cottage
D:3:      layout_rooms, hellmonk_ecumenical_altar_run_dry
D:4:      layout_basic, lemuel_tele_altar, temple_statues, serial_corexii_hall,
          chequers_hall_statues_corner_a, corexii_hall_statues_i,
          minmay_manual_mess, uniq_duvessa
D:5:      layout_basic, grunt_dithmenos_shadows, grunt_ministairs_5,
          cheibrodos_gnoll_hut, uniq_eustachio, uniq_grinder, uniq_blork_the_orc
D:6:      layout_basic, uniq_maggie
D:7:      layout_loops_ring, kennysheep_mini_moat,
          chequers_serial_rivers_micro_d, hangedman_abyss_or_decor_slice
D:8:      minmay_the_grid_octo_tiled_octocenter
          [minmay_the_grid_octo_vomiting_pacman, minmay_the_grid_octo_teeth,
          minmay_the_grid_octo_clover_2, minmay_the_grid_octo_checkerflower,
          minmay_the_grid_octo_prize_ultimate_mussel_roller,
          minmay_the_grid_square_5x5_three,
          minmay_the_grid_square_5x5_checkered_statues,
          minmay_the_grid_square_5x5_half_checkered,
          minmay_the_grid_square_5x5_gyroscope], layout_basic,
          lemuel_doored_altar, minmay_door_square, minmay_microvault
D:9:      layout_loops_corners, nicolae_sif_muna_condensation
D:10:     layout_roguey, serial_rivers, chequers_serial_rivers_large_b,
          chequers_serial_rivers_marsh, chequers_serial_rivers_micro_b,
          chequers_serial_rivers_small_3, chequers_serial_rivers_large_a,
          chequers_serial_rivers_micro_a, serial_shops, shop, shop_statue,
          nicolae_square_shop, st_stairs_9
D:11:     layout_loops_ring, dpeg_lair_monsters, amcnicky_mini_corridor_feature,
          uniq_psyche
Temple:   minmay_temple_bridge_d
Abyss:2:  base: D:8, minivault_22, hangedman_abyss_or_decor_stabs,
          hangedman_abyss_or_decor_stabs, due_exit_kobolds

Skill      XL: |  1  2  3  4  5  6  7  8  9 10 11 |
---------------+----------------------------------+-----
Necromancy     | 5 6 7 8 9 10 | 10.0
Fighting       | 2 4 5 6 |  6.1
Dodging        | 2 4 5 |  5.9
Spellcasting   | 3 4 5 7 |  7.2
Conjurations   | 3 |  3.3
Air Magic      | 2 |  2.7
Earth Magic    | 4 6 |  6.1
Poison Magic   | 3 |  3.1
Evocations     | 5 10 | 10.0
Stealth        | |  1.7

Action                     |  1- 3 |  4- 6 |  7- 9 | 10-12 || total
---------------------------+-------+-------+-------+-------++-------
  Melee: Unarmed           |    15 |       |       |       ||    15
         Club              |     2 |       |       |       ||     2
         Punch             |     1 |       |       |     4 ||     5
         Mace              |    13 |     8 |       |       ||    21
         Quarterstaff      |       |    28 |   172 |   132 ||   332
         Staff             |       |       |       |   306 ||   306
   Cast: Necrotise         |    55 |    93 |     2 |    23 ||   173
         Vampiric Draining |       |     7 |    12 |    81 ||   100
         Animate Dead      |       |       |     5 |    17 ||    22
         Mephitic Cloud    |       |       |     1 |     2 ||     3
  Evoke: Wand              |       |       |       |    18 ||    18
    Use: Scroll            |       |     1 |    11 |    14 ||    26
         Potion            |       |       |       |     7 ||     7
   Stab: Sleeping          |       |       |     2 |     1 ||     3
         Distracted        |       |       |     1 |       ||     1
         Confused          |       |       |       |     1 ||     1
 Armour: Robe              |     7 |    19 |    71 |   183 ||   280
         Skin              |       |       |       |     6 ||     6
  Dodge: Dodged            |    24 |    20 |   131 |   414 ||   589
  Block: Other             |     3 |     5 |    58 |   148 ||   214
         Reflection        |       |       |     2 |     6 ||     8

Table legend: (Time is in decaauts)
 A = Elapsed time spent in this place.
 B = Non-inter-level travel time spent in this place.
 C = Inter-level travel time spent in this place.
 D = Time resting spent in this place.
 E = Time spent auto-exploring this place.
 F = Levels seen in this place.
 G = Mean time per level.
                   A        B        C        D        E       F      G
               +--------+--------+--------+--------+--------+-----+--------+
         Total |  13365 |  12766 |    599 |    803 |   9228 |  13 | 1028.1 |
       Dungeon |  12921 |  12422 |    499 |    696 |   9070 |  11 | 1174.6 |
        Temple |    159 |     60 |     99 |      0 |     48 |   1 |  159.0 |
         Abyss |    284 |    284 |      0 |    107 |    110 |   1 |  284.0 |
               +--------+--------+--------+--------+--------+-----+--------+

Top non-repeatable levels by time:
     D:8: 2834 daAuts
     D:5: 1436 daAuts
     D:6: 1378 daAuts
     D:9: 1361 daAuts
     D:4: 1285 daAuts
     D:2: 1182 daAuts
     D:7: 1116 daAuts
     D:1: 1001 daAuts
    D:10: 649 daAuts
     D:3: 570 daAuts
 Abyss:2: 284 daAuts
  Temple: 159 daAuts
    D:11: 104 daAuts
